 Dungeon Crawl Stone Soup version 0.16-a0-1167-g3157814 (webtiles) character file.

79480 Kashira the Fetichist (level 15, -11/88 HPs)
             Began as a Vine Stalker Berserker on Oct 9, 2014.
             Was a Priest of Trog.
             Killed from afar by Nikola (32 damage)
             ... with a chain lightning
             ... on level 5 of the Shoals.
             The game lasted 01:57:32 (16897 turns).

Kashira the Fetichist (Vine Stalker Berserker)     Turns: 16897, Time: 01:57:33

Health: -11/88     AC:  9    Str: 23    XL:     15   Next: 63%
Magic:  0/32       EV: 18    Int:  8    God:    Trog [***...]
Gold:   980        SH:  0    Dex: 19    Spells: 0 memorised, 14 levels left

rFire  . . .     SeeInvis .     K - +5 broad axe (flame)
rCold  + + .     Clarity  .     A - +0 troll leather armour {Snorg}
rNeg   . . .     SustAb   .     (no shield)
rPois  +         Gourm    .     m - +2 helmet of Weightlessness {rPois rC+ rCorr}
rElec  .         Spirit   +     (no cloak)
rCorr  +         Warding  .     (no gloves)
rMut   .         Stasis   .     u - +0 pair of boots
MR     +++..                    (no amulet)
Stlth  ++........               I - +3 ring of dexterity
                                Y - ring of protection from cold

@: very slightly contaminated, regenerating, extremely resistant to hostile
enchantments, unstealthy
A: fangs 3, regeneration 3, magic shield, antimagic bite, no device heal 3, rot
immunity
a: Burn Spellbooks, Berserk, Trog's Hand, Renounce Religion


You were on level 5 of the Shoals.
You worshipped Trog.
Trog was most pleased with you.
You were hungry.

You visited 4 branches of the dungeon, and saw 27 of its levels.

You collected 2063 gold pieces.
You spent 1083 gold pieces at shops.

Inventory:

Hand weapons
 c - a +4 battleaxe of freezing
 K - a +5 broad axe of flaming (weapon)
 V - a +5 antimagic executioner's axe
Missiles
 S - 5 javelins of penetration (quivered)
Armour
 m - the +2 helmet of Weightlessness (worn) {rPois rC+ rCorr}
   (You bought it in a shop on level 4 of the Orcish Mines)

   It protects you from cold.
   It protects you from poison.
   It protects you from acid and corrosion.
 u - a +0 pair of boots (worn)
 v - a +0 leather armour of poison resistance
 A - a +0 troll leather armour (worn) {Snorg}
 B - a +4 chain mail of fire resistance
Magical devices
 a - a wand of cold (0)
 b - a wand of teleportation (4)
 e - a wand of paralysis (11)
 f - a wand of digging (12)
 s - a wand of flame (31)
 y - a wand of draining (1)
 D - a wand of flame (30)
 O - a wand of polymorph (13)
 P - a wand of fireball (1)
Comestibles
 d - 13 meat rations
 C - 39 fruits
 J - 4 chunks of snapping turtle flesh
 W - 2 bread rations
Scrolls
 g - 9 scrolls of teleportation
 l - 8 scrolls of remove curse
 o - 2 scrolls of magic mapping
 p - a scroll of summoning {unknown}
 t - a scroll of fear
 w - 4 scrolls of enchant weapon
 E - 3 scrolls of recharging {unknown}
 G - a scroll of random uselessness {unknown}
Jewellery
 h - an uncursed ring of ice
 n - an uncursed ring of fire
 z - an uncursed ring of poison resistance
 F - the ring "Ismoch" {AC+2 Str+2 Int+3, unknown}
   (You found it on level 3 of the Shoals)

   [ring of protection]

   It affects your AC (+2).
   It affects your strength (+2).
   It affects your intelligence (+3).
 I - a +3 ring of dexterity (right hand)
 Y - a ring of protection from cold (left hand)
Potions
 i - 4 potions of agility
 j - 5 potions of curing
 k - a potion of might
 q - 2 potions of cancellation
 r - a potion of restore abilities
 N - a potion of magic


   Skills:
 + Level 14.1 Fighting
 + Level 11.6 Axes
 - Level 11.8 Throwing
 + Level 5.4 Armour
 + Level 8.2 Dodging
 - Level 15.1 Evocations


You had 14 spell levels left.
You didn't know any spells.

Dungeon Overview and Level Annotations

Branches:
Dungeon (10/15)            Temple (0/1) D:6             Orc (4/4) D:10
    Elf (0/3) Orc:4          Lair (8/8) D:8          Shoals (5/5) Lair:6
  Snake (0/5) Lair:6        Slime (0/6) Lair:7

Altars:
Fedhas
Gozag
Makhleb
Okawaru
Qazlal
Trog
Yredelemnul
Zin
The Shining One
Beogh
Jiyva

Shops:
D:9 *   Orc:4 [[(:

Annotations:
Shoals:5 Nikola


Innate Abilities, Weirdness & Mutations

You have razor-sharp teeth.
You regenerate.
When hurt, damage is shared between your health and your magic reserves.
Your bite disrupts and absorbs the magic of your enemies.
Potions and wands cannot restore your health.
You are immune to rotting.


Message History

Nikola barely misses you.
There is a stone staircase leading up here.
Use which ability? (? or * to list)
Your skin crawls.
You feel resistant to hostile enchantments.
You feel slightly more hungry.
Your two-headed ogre hits the snapping turtle with a giant spiked club.
Your two-headed ogre hits the snapping turtle with a giant club.
The snapping turtle bites your two-headed ogre!!
A merfolk impaler comes into view. It is wielding a runed trident.
Drink which item? (? for menu, Esc to quit)
Okay, then.
Your two-headed ogre hits the snapping turtle with a giant spiked club!
Your two-headed ogre hits the snapping turtle with a giant club!
The snapping turtle dies!
Trog accepts your collateral kill.
Nikola gestures wildly while chanting.
You hear a mighty clap of thunder!
The lightning arc hits you!
You die...

,,,,,,,,............#..,,**≈≈≈,,,
,,,,,,,............#$#,,,≈**≈,,,,
≈≈,,,,,..P#.........#,,≈*≈≈**,,,,
≈≈≈,,,............#...≈≈m#,,*,,,,
P≈≈P,....≈....P..(#,.≈≈{#≈,,*,,,,
≈PPP≈....≈≈≈..).).#,,#m#≈,,,*≈≈,,
≈≈≈≈≈P..≈P≈P....(.##≈≈*≈.,*,,≈≈≈≈
≈≈≈≈≈≈≈.PP≈(...@<..##≈,,,*,*,≈≈≈≈
≈P≈≈PP≈..PP...(.@...##,,,,*,≈≈≈≈≈
≈≈≈PP.PPPP.P....O....####.,≈≈≈≈≈≈
≈P........PP....)......((≈≈≈≈≈≈≈≈
.#.....PPPPP.P().........≈≈≈≈≈≈≈≈
......##+##P...(...m..m.≈≈≈≈≈≈≈≈≈
P....##,,,##P.......##'##≈≈≈≈≈≈≈≈
.....#,,,,,#.P.....##,,,**≈≈≈≈≈≈≈
PPP..#,,,,,#.P.....#,,,,,*≈≈≈≈≈≈≈
≈≈P.P#,,,,,#.......#,,,,,*≈≈≈≈≈≈≈


You could see Nikola, a merfolk impaler, a merfolk (fleeing) and a friendly
two-headed ogre (berserk).

Vanquished Creatures
  Polyphemus (Shoals:2)
  Ilsuiw (Shoals:5)
  Gastronok (D:9)
  A merfolk javelineer (Shoals:5)
  2 merfolk impalers
  Fannar (D:10)
  A hydra (Lair:7)
  An alligator snapping turtle (Shoals:2)
  2 merfolk avatars
  19 death yaks
  Urug (D:10)
  An orc high priest (Orc:4)
  4 catoblepae
  4 sea snakes
  A fire crab (Lair:7)
  A hill giant (D:5)
  3 harpies (Shoals:1)
  2 manticores
  2 orc sorcerers (Orc:4)
  An orc knight (Orc:4)
  A faun (Shoals:1)
  3 griffons
  4 water nymphs
  An elephant (Lair:8)
  3 cyclopes
  Maurice (D:9)
  4 black mambas
  3 drowned souls
  4 sirens
  A torpor snail (Lair:7)
  15 spiny frogs
  5 komodo dragons
  Grinder (D:3)
  A wind drake (Shoals:2)
  2 trolls
  4 fire drakes
  11 merfolk
  A polar bear (Lair:5)
  Prince Ribbit (D:9)
  14 blink frogs
  4 snapping turtles
  A spriggan (Lair:7)
  3 basilisks (Lair:5)
  29 yaks
  A deep elf fighter (D:8)
  A wraith (D:10)
  7 hippogriffs
  Eustachio (D:9)
  A hungry ghost (D:8)
  Grum (D:9)
  A steam dragon (Lair:2)
  9 water moccasins
  2 wolves (D:9)
  Edmund (D:5)
  A warg (Orc:4)
  3 nagas (Lair:6)
  The ghost of Kashira the Chopper, an average VSBe of Trog (D:5)
  8 porcupines
  13 orc warriors
  A yellow wasp (Lair:7)
  3 ice beasts
  2 black bears
  3 slaves (D:9)
  2 sky beasts (D:8)
  2 boring beetles
  3 phantoms
  A centaur (D:5)
  6 ogres
  13 crocodiles
  2 big kobolds
  14 giant frogs
  3 wandering mushrooms (Lair:6)
  2 scorpions
  An electric eel (Lair:6)
  3 wights (D:9)
  5 crimson imps
  2 centaur zombies
  8 killer bees
  2 goliath beetles
  10 hounds
  15 orc priests
  A centaur skeleton (D:10)
  A jelly (Lair:7)
  12 orc wizards
  6 iguanas
  14 sheep
  5 worker ants
  Ijyb (D:3)
  Jessica (D:3)
  A mottled dragon skeleton (D:10)
  A hound zombie (D:6)
  2 mummies
  21 adders
  3 gnolls (D:3)
  52 green rats
  3 shadow imps
  A giant mite (D:4)
  An ufetubus (D:9)
  3 worms
  An adder skeleton (D:7)
  2 giant geckos
  84 orcs
  A ball python (D:2)
  26 bats
  8 giant cockroaches
  18 hobgoblins
  14 jackals
  23 kobolds
  4 quokkas
  A giant gecko zombie (D:5)
  6 giant newts
  A giant spore (D:9)
  15 goblins
  A kobold zombie (D:8)
  2 orc skeletons
  8 orc zombies
  17 rats
  2 ballistomycetes (D:9)
  6 fungi
  12 plants
  3 tentacles (Shoals:3)
705 creatures vanquished.

Vanquished Creatures (collateral kills)
  Saint Roka (Orc:4)
  Maud (Lair:4)
  Louise (Shoals:2)
  The ghost of Kashira the Unseen, a mighty VSBe of Trog (Shoals:2)
  Snorg (Lair:4)
  3 hydras
  4 merfolk avatars
  A sea snake (Shoals:2)
  An orc sorcerer (Orc:4)
  A manticore (Shoals:3)
  A black mamba (Lair:4)
  5 drowned souls
  3 merfolk
  A snapping turtle (Shoals:5)
  2 blink frogs (Lair:5)
  A hippogriff (Shoals:2)
  2 yaks (Lair:4)
  A water moccasin (Lair:4)
  7 orc warriors (Orc:4)
  A porcupine (Lair:4)
  A centaur (Shoals:2)
  2 big kobolds (D:9)
  A wyvern zombie (D:9)
  5 killer bees (D:9)
  2 orc priests (Orc:4)
  An orc wizard (Orc:4)
  A sheep (D:9)
  5 orcs (Orc:4)
57 creatures vanquished.

Vanquished Creatures (others)
  A sea snake (Shoals:2)
  A deep troll (Shoals:2)
  14 drowned souls
  2 trolls (Orc:4)
  A two-headed ogre (Shoals:5)
  A snapping turtle (Shoals:5)
  4 ogres
  A black bear (Shoals:5)
  3 fungi
  26 tentacles (Shoals:3)
  943 tentacle segments (Shoals:3)
997 creatures vanquished.

Grand Total: 1759 creatures vanquished

Notes
Turn   | Place    | Note
--------------------------------------------------------------
     0 | D:1      | Kashira, the Vine Stalker Berserker, began the quest for the Orb.
     0 | D:1      | Reached XP level 1. HP: 11/11 MP: 1/1
   154 | D:1      | Reached skill level 3 in Axes
   154 | D:1      | Reached XP level 2. HP: 16/16 MP: 3/3
   445 | D:1      | Acquired Trog's second power
   536 | D:2      | Reached XP level 3. HP: 12/20 MP: 1/4
  1217 | D:3      | Reached XP level 4. HP: 24/24 MP: 5/5
  1317 | D:3      | Noticed Jessica
  1324 | D:3      | Killed Jessica
  1332 | D:3      | Noticed Grinder
  1344 | D:3      | Killed Grinder
  1344 | D:3      | Reached skill level 4 in Axes
  1344 | D:3      | Reached XP level 5. HP: 22/28 MP: 4/7
  1344 | D:3      | Gained mutation: You heal very quickly. [vine stalker growth]
  1344 | D:3      | Reached XP level 6. HP: 25/32 MP: 4/8
  1689 | D:3      | Found a glowing silver altar of Zin.
  1751 | D:3      | Noticed Ijyb
  1772 | D:3      | Killed Ijyb
  1846 | D:4      | Found an iron altar of Okawaru.
  1906 | D:4      | Reached skill level 5 in Axes
  1906 | D:4      | Reached XP level 7. HP: 37/37 MP: 9/9
  2219 | D:4      | Acquired Trog's third power
  2469 | D:5      | Entered Level 5 of the Dungeon
  2482 | D:5      | Noticed Edmund
  2510 | D:5      | Killed Edmund
  2591 | D:5      | Noticed a hill giant
  2594 | D:5      | Noticed Kashira's ghost (average VSBe)
  2597 | D:5      | Killed a hill giant
  2597 | D:5      | Gained mutation: You have razor-sharp teeth. [vine stalker growth]
  2597 | D:5      | Reached XP level 8. HP: 42/42 MP: 11/11
  2600 | D:5      | Reached skill level 6 in Axes
  2607 | D:5      | Killed Kashira's ghost
  3065 | D:6      | Received a gift from Trog
  3186 | D:6      | Reached skill level 5 in Dodging
  3186 | D:6      | Reached XP level 9. HP: 29/46 MP: 9/12
  3398 | D:6      | Reached skill level 7 in Axes
  3677 | D:6      | Found a staircase to the Ecumenical Temple.
  3850 | D:7      | Reached skill level 5 in Fighting
  3995 | D:7      | Reached skill level 8 in Axes
  4064 | D:7      | Found an opulent altar of Gozag.
  4454 | D:8      | Found a bloodstained altar of Trog.
  4454 | D:8      | Found a glowing golden altar of the Shining One.
  4492 | D:8      | Found a basalt altar of Yredelemnul.
  4504 | D:8      | Reached skill level 5 in Armour
  4611 | D:8      | Reached XP level 10. HP: 33/51 MP: 13/13
  4657 | D:8      | Found a basalt altar of Yredelemnul.
  4658 | D:8      | Received a gift from Trog
  4679 | D:8      | Found a staircase to the Lair.
  5361 | D:9      | Noticed Prince Ribbit
  5479 | D:9      | Found Kiula's Assorted Antiques.
  5488 | D:9      | Bought a potion of restore abilities for 90 gold pieces
  5488 | D:9      | Bought a scroll labeled STORER JEIHIVA for 30 gold pieces
  5488 | D:9      | Bought a scroll of identify for 60 gold pieces
  5546 | D:9      | Reached skill level 9 in Axes
  5630 | D:9      | Found a blossoming altar of Fedhas.
  5640 | D:9      | Noticed Grum
  5656 | D:9      | Killed Grum
  5736 | D:9      | Noticed Maurice
  5751 | D:9      | Killed Maurice
  5795 | D:9      | Noticed Eustachio
  5796 | D:9      | Noticed Gastronok
  5853 | D:9      | Killed Eustachio
  5874 | D:9      | Killed Gastronok
  5926 | D:9      | Reached skill level 10 in Axes
  6080 | D:9      | Reached XP level 11. HP: 45/58 MP: 15/15
  6198 | D:9      | Found a burning altar of Makhleb.
  6199 | D:9      | Found a stormy altar of Qazlal.
  6252 | D:9      | Killed Prince Ribbit
  6425 | D:9      | Noticed a two-headed hydra
  6437 | D:9      | Killed a three-headed hydra
  6599 | Lair:1   | Entered Level 1 of the Lair of Beasts
  6856 | Lair:1   | Reached skill level 11 in Axes
  7105 | Lair:2   | Reached skill level 1 in Evocations
  7307 | Lair:2   | Noticed a seven-headed hydra
  7319 | Lair:2   | Killed a seven-headed hydra
  7475 | Lair:2   | Reached skill level 5 in Evocations
  7947 | Lair:3   | Gained mutation: You regenerate. [vine stalker growth]
  7947 | Lair:3   | Reached XP level 12. HP: 49/63 MP: 19/24
  8476 | Lair:4   | Received a gift from Trog
  8570 | Lair:4   | Found a burning altar of Makhleb.
  8572 | Lair:4   | Noticed a five-headed hydra
  8576 | Lair:4   | Noticed Snorg
  8577 | Lair:4   | Killed a five-headed hydra
  8581 | Lair:4   | Killed Snorg
  8822 | Lair:4   | HP: 4/94 [poisoned by a spiny frog]
  8825 | Lair:4   | HP: 1/63 [poisoned by a spiny frog]
  8884 | Lair:4   | Noticed Maud
  8898 | Lair:4   | Killed Maud
  9078 | Lair:5   | Reached skill level 10 in Evocations
  9175 | Lair:5   | Noticed a death yak
  9175 | Lair:5   | Noticed a death yak
  9176 | Lair:5   | Noticed a death yak
  9177 | Lair:5   | Noticed a death yak
  9180 | Lair:5   | Noticed a death yak
  9185 | Lair:5   | Killed a death yak
  9189 | Lair:5   | Killed a death yak
  9195 | Lair:5   | Killed a death yak
  9199 | Lair:5   | Killed a death yak
  9202 | Lair:5   | Killed a death yak
  9513 | Lair:5   | Reached skill level 12 in Evocations
  9518 | Lair:5   | Reached XP level 13. HP: 48/67 MP: 25/29
  9828 | Lair:6   | Received a gift from Trog
  9947 | Lair:6   | Found a staircase to the Shoals.
  9972 | Lair:6   | Found a staircase to the Snake Pit.
  9986 | Lair:6   | Reached skill level 13 in Evocations
 10260 | Lair:7   | Found a viscous altar of Jiyva.
 10261 | Lair:7   | Found a staircase to the Slime Pits.
 10707 | Lair:7   | Reached skill level 14 in Evocations
 10895 | Lair:8   | Entered Level 8 of the Lair of Beasts
 11160 | Lair:8   | Received a gift from Trog
 11185 | Lair:8   | Received a gift from Trog
 11445 | Lair:8   | Reached skill level 15 in Evocations
 11518 | Lair:8   | Reached XP level 14. HP: 52/72 MP: 27/32
 12009 | Lair:7   | Received a gift from Trog
 12244 | D:10     | Entered Level 10 of the Dungeon
 12463 | D:10     | Reached skill level 10 in Fighting
 12471 | D:10     | Found a staircase to the Orcish Mines.
 12607 | D:10     | Noticed Fannar
 12623 | D:10     | Killed Fannar
 12684 | D:10     | Noticed Urug
 12696 | D:10     | Killed Urug
 12809 | Orc:1    | Entered Level 1 of the Orcish Mines
 13303 | Orc:3    | Received a gift from Trog
 13387 | Orc:4    | Entered Level 4 of the Orcish Mines
 13471 | Orc:4    | Found a staircase to the Elven Halls.
 13611 | Orc:4    | Noticed Saint Roka
 13623 | Orc:4    | Killed Saint Roka
 13635 | Orc:4    | Found Ykhaetei's Antique Weapon Shop.
 13635 | Orc:4    | Found a roughly hewn altar of Beogh.
 13639 | Orc:4    | Found Thrugg's Antique Armour Boutique.
 13645 | Orc:4    | Bought a transparent ring mail for 252 gold pieces
 13656 | Orc:4    | Identified the +2 ring mail of Fedhas' Supremacy {+Blink} (You bought it in a shop on level 4 of the Orcish Mines)
 13760 | Orc:4    | Found a roughly hewn altar of Beogh.
 13766 | Orc:4    | Received a gift from Trog
 13851 | Orc:4    | Found a roughly hewn altar of Beogh.
 13858 | Orc:4    | Found Pnoonan's Book Shop.
 13987 | Orc:4    | Found a roughly hewn altar of Beogh.
 14098 | Orc:4    | Found a roughly hewn altar of Beogh.
 14120 | Orc:4    | Found a roughly hewn altar of Beogh.
 14120 | Orc:4    | Found Etaepac's Armour Boutique.
 14138 | Orc:4    | Bought the +2 helmet of Weightlessness {rPois rC+ rCorr} for 651 gold pieces
 14556 | Shoals:1 | Entered Level 1 of the Shoals
 14910 | Shoals:1 | Received a gift from Trog
 15267 | Shoals:1 | Reached skill level 1 in Throwing
 15376 | Shoals:2 | Noticed Louise
 15383 | Shoals:2 | Killed Louise
 15481 | Shoals:2 | Reached XP level 15. HP: 55/88 MP: 32/32
 15545 | Shoals:2 | Reached skill level 5 in Throwing
 15589 | Shoals:2 | Noticed Kashira's ghost (mighty VSBe)
 15603 | Shoals:2 | Killed Kashira's ghost
 15714 | Shoals:2 | Noticed Polyphemus
 15732 | Shoals:2 | Killed Polyphemus
 16026 | Shoals:3 | Reached skill level 10 in Throwing
 16140 | Shoals:3 | Noticed a kraken
 16271 | Shoals:3 | HP: 6/132 [tentacle[a kraken] (8)]
 16511 | Shoals:3 | Got a scintillating lead ring
 16735 | Shoals:5 | Entered Level 5 of the Shoals
 16763 | Shoals:5 | Noticed Ilsuiw
 16831 | Shoals:5 | Killed Ilsuiw
 16869 | Shoals:5 | Noticed Nikola
 16897 | Shoals:5 | Killed from afar by Nikola

Action                   |  1- 3 |  4- 6 |  7- 9 | 10-12 | 13-15 || total
-------------------------+-------+-------+-------+-------+-------++-------
Melee: Hand axe          |    93 |   121 |   459 |       |       ||   673
       Battleaxe         |       |       |       |   445 |    45 ||   490
       War axe           |       |       |       |     6 |       ||     6
       Broad axe         |       |       |       |       |   818 ||   818
Throw: Javelin           |       |       |       |       |    16 ||    16
Invok: Berserk           |     1 |     3 |     4 |     6 |     8 ||    22
       Trog's Hand       |       |     2 |     2 |     5 |     5 ||    14
       Brothers in Arms  |       |       |       |     9 |    15 ||    24
Evoke: Disc of storms    |       |       |       |     2 |       ||     2
       Wand              |       |       |       |     1 |    10 ||    11
  Use: Scroll            |       |       |    14 |    10 |     9 ||    33
       Potion            |       |       |       |     1 |     2 ||     3
 Stab: Sleeping          |       |       |       |       |     4 ||     4
       Distracted        |       |       |       |       |     1 ||     1
       Petrified         |       |       |       |       |     1 ||     1
  Eat: Bread ration      |     1 |       |       |     1 |     2 ||     4
       Chunk             |       |     3 |    11 |    12 |    22 ||    48
       Fruit             |       |       |     1 |     1 |       ||     2
       Beef jerky        |       |       |     1 |     1 |     1 ||     3
       Pizza             |       |       |       |     2 |     1 ||     3
       Meat ration       |       |       |       |     1 |     1 ||     2
